AoeStats
← TW_KAKASHI

Arena

510229399Analyzed
2v2 RM · 2d ago on Sep 30, 2026· 41m 58s· 4 players
Game mode
Random Map
Map size
Medium (4 player)
Population
200
Speed
Normal
Resources
Standard
Victory
Conquest
Starting age
Dark Age
Ending age
Imperial Age
RankedLock teamsTeams togetherTeam positionsShared explorationLock speedFull tech treeHidden civsTurbo modeCheats
Victory
Defeat
🇨🇱 Burgundians · Chile
1451
+19
🇨🇱 Saxons · Chile
1434
+20
🇹🇼 Spanish · Taiwan
1524
-20
🇭🇰 Gurjaras · Hong Kong SAR China
1519
-19
持盾的大貓 and you let her go
10:16 Feudal Age
11:56 Double-Bit Axe
14:15 Castle Age
12:28 Horse Collar
15:18 Bow Saw
23:26 Wheelbarrow
24:32 Hand Cart
24:42 Loom
28:12 Imperial Age
25:59 Stone Mining
26:35 Scale Barding Armor
26:26 Gold Mining
29:41 Masonry
29:18 Heavy Camel Rider
30:55 Chain Barding Armor
31:04 Sanctity
32:43 Plate Barding Armor
32:18 Kshatriyas
32:46 Husbandry
32:56 Bloodlines
32:46 Husbandry
33:36 Conscription
35:40 Frontier Guards
35:49 Forging
35:24 Light Cavalry
36:05 Fletching
36:11 Town Watch
36:58 Ballistics
37:38 Chemistry
37:28 Stone Shaft Mining
36:57 Padded Archer Armor
36:42 Elite Skirmisher
37:19 Bodkin Arrow
38:11 Leather Archer Armor
38:55 Bracer
40:08 Iron Casting
TW_KAKASHI
12:06 Feudal Age
10:40 Loom
12:26 Feudal Age
18:11 Castle Age
16:15 Double-Bit Axe
16:17 Horse Collar
25:07 Fletching
25:53 Bodkin Arrow
edo
4:16 Double-Bit Axe
10:30 Feudal Age
14:32 Castle Age
13:13 Bow Saw
12:50 Horse Collar
15:57 Heavy Plow
20:22 Wheelbarrow
20:18 Loom
23:29 Scale Barding Armor
24:18 Forging
25:01 Chain Barding Armor
26:47 Iron Casting
30:55 Imperial Age
29:57 Hand Cart
30:54 Scale Mail Armor
32:08 Chain Mail Armor
31:15 Pikeman
31:55 Squires
32:00 Arson
33:16 Blast Furnace
32:22 Halberdier
33:31 Conscription
33:19 Burgundian Vineyards
34:45 Plate Mail Armor
34:10 Town Watch
39:56 Plate Barding Armor
40:19 Spies/Treason
41:40 Husbandry
Frigma
8:34 Feudal Age
8:52 Loom
10:00 Double-Bit Axe
12:20 Fletching
24:24 Castle Age
25:18 Bodkin Arrow
25:50 Bow Saw
28:57 Guard Tower
29:50 Ballistics
31:10 Crossbowman
39:42 Imperial Age
37:28 Treadmill Crane
38:30 Wheelbarrow
38:22 Thumb Ring
38:32 Padded Archer Armor
38:57 Gold Mining
38:59 Stone Mining
38:51 Horse Collar
40:11 Spies/Treason
40:59 Arbalester
41:58 Bracer
43:37 Chemistry
Connection lost

Rejoining the realm…

Still unreachable

The connection could not be restored.

Session expired

The server has moved on; the page needs a fresh start.